Map: Pillars of Gold LE

Players

PartinG - Winner!

  • Race: Protoss Protoss
  • Spawn Location: 7:00

INnoVation

  • Race: Terran Terran
  • Spawn Location: 1:00

Event: IEM Katowice 2021

VOD

Have the link to the VOD?

Description

Time

  • Played on: Feb. 26, 2021, 11:55 a.m.
  • Length: 8:37

All games in this series

Show
View Real Time Build Order
Export as new Build Order

PartinG Protoss - Winner!

Build Orders: Proxy Void Ray 

Get SALT Encoding   

  12  0:08  Pylon  
  12  0:13  Probe  
  13  0:26  Gateway  
  13  0:30  Probe (Chrono Boost)  
  14  0:40  Probe (Chrono Boost)  
  14  0:41  Assimilator  
  15  0:45  Probe (Chrono Boost)  
  16  0:51  Assimilator  
  16  0:56  Probe  
  17  1:08  Probe  
  18  1:13  Cybernetics Core  
  18  1:19  Zealot  
  18  1:22  Probe  
  21  1:31  Pylon  
  21  1:35  Probe  
  22  1:49  Stargate  
  22  1:52  Adept (Chrono Boost)  
  24  2:02  Shield Battery  
  24  2:06  Probe  
  25  2:20  Probe  
  26  2:24  Void Ray (Chrono Boost)  
  27  2:45  Probe, Warp Gate  
  28  3:08  Pylon, Shield Battery  
  28  3:17  Void Ray (Chrono Boost), Shield Battery  
  28  3:18  Probe  
  33  3:47  Void Ray  
  31  3:50  Probe  
  36  4:00  Shield Battery  
  36  4:09  Shield Battery  
  36  4:13  Probe, Nexus  
  37  4:23  Shield Battery  
  33  4:39  Twilight Council  
  33  4:42  Probe  
  34  4:52  Gateway  
  34  4:53  Gateway  
  34  4:58  Stalker  
  36  5:02  Probe  
  37  5:11  Blink (Chrono Boost)  
  37  5:12  Pylon  
  37  5:14  Probe  
  38  5:31  Probe  
  38  5:33  Stalker  
  38  5:34  Probe  
  38  5:47  Stalker x2  
  38  5:48  Probe  
  43  5:51  Probe  
  44  6:01  Stalker  
  46  6:04  Gateway  
  46  6:06  Probe  
  46  6:08  Probe  
  48  6:14  Stalker  
  48  6:17  Shield Battery  
  50  6:22  Stalker  
  52  6:26  Probe  
  52  6:27  Probe  
  52  6:31  Pylon  
  54  6:41  Pylon  
  54  6:45  Assimilator  
  54  6:57  Probe x2  
  52  7:03  Stalker x4  
  52  7:06  Gateway  
  60  7:12  Shield Battery  
  60  7:13  Probe x2  
  62  7:25  Probe  
  62  7:26  Probe  
  62  7:28  Stalker x2  
  64  7:48  Stalker x2  
  68  7:51  Stalker  
  68  7:53  Pylon  
  68  7:57  Pylon  
  70  7:58  Pylon  
  70  8:03  Stalker  
  56  8:14  Probe x2  
  56  8:15  Stalker x4  
  62  8:22  Shield Battery  
  62  8:28  Stalker  
Show
View Real Time Build Order
Export as new Build Order

INnoVation Terran 

Build Orders: Reaper Expand 

Get SALT Encoding   

  12  0:00  SCV  
  13  0:12  SCV  
  14  0:17  Supply Depot  
  14  0:24  SCV  
  15  0:39  SCV, Barracks  
  16  0:44  Refinery  
  16  0:51  SCV  
  17  1:03  SCV  
  18  1:15  SCV  
  19  1:27  Reaper, Orbital Command  
  20  1:43  Command Center  
  20  1:53  Supply Depot  
  20  1:54  SCV  
  20  1:59  Marine  
  22  2:05  Bunker  
  22  2:15  Factory  
  22  2:18  Marine  
  22  2:32  SCV  
  23  2:39  Marine  
  23  2:44  SCV  
  23  2:46  Bunker  
  23  2:53  Refinery  
  23  2:57  Marine  
  24  2:59  Factory Tech Lab  
  24  3:00  SCV  
  24  3:13  SCV  
  24  3:14  Marine  
  24  3:17  Cyclone  
  29  3:22  Mag-Field Accelerator  
  29  3:23  Supply Depot  
  26  3:55  Supply Depot  
  24  4:16  SCV, Cyclone, Marine  
  28  4:28  SCV  
  28  4:37  Orbital Command  
  24  4:40  SCV  
  25  4:46  Barracks  
  25  4:48  Cyclone  
  27  4:53  SCV  
  28  5:05  SCV x2  
  30  5:17  SCV  
  30  5:20  SCV, Cyclone  
  35  5:29  SCV  
  35  5:32  SCV  
  37  5:36  Factory  
  37  5:38  Barracks Reactor  
  37  5:41  SCV  
  38  5:45  SCV  
  39  5:53  SCV  
  39  5:57  SCV  
  41  6:05  SCV  
  41  6:07  Supply Depot  
  41  6:08  Siege Tank  
  41  6:09  SCV  
  46  6:22  Factory Tech Lab  
  46  6:26  Supply Depot  
  46  6:28  SCV x2, Marine x2  
  46  6:29  Supply Depot  
  50  6:41  SCV x2  
  50  6:46  Command Center  
  52  6:53  SCV x2, Siege Tank  
  51  6:57  Siege Tank  
  51  6:59  Marine  
  52  7:01  Marine  
  52  7:05  SCV x2  
  52  7:16  Marine  
  52  7:17  SCV x2  
  52  7:19  Marine  
  52  7:20  Barracks  
  56  7:26  Cyclone  
  56  7:29  Cyclone  
  61  7:33  SCV x2  
  63  7:41  Marine x2  
  59  7:45  SCV x2  
  58  7:53  Bunker  
  58  7:57  SCV x2  
  58  7:58  Orbital Command  
  60  7:59  Marine x2  
  60  8:05  Siege Tank  
  59  8:09  SCV, Marine  
  59  8:10  SCV  
  52  8:17  Marine  
  50  8:21  SCV  

Tags
 
Add a new tag
Caveats
  • Supply blocks, unpowered buildings, or Contaminate may cause inaccurate times.
  • Supply counts are checked every 10 seconds.